 Dungeon Crawl Stone Soup version 0.30.1-4-g462c640d31 (webtiles) character file.

Game seed: 17166264983140467639

81990 Zeor the Thaumaturge (level 16, -13/112 HPs)
             Began as a Djinni Hedge Wizard on Aug 11, 2023.
             Was a High Priest of Makhleb.
             Mangled by a bunyip (25 damage)
             ... called by a spriggan druid
             ... on level 1 of the Swamp on Aug 12, 2023.
             The game lasted 02:48:44 (28135 turns).

Zeor the Thaumaturge (Djinni Hedge Wizard)         Turns: 28135, Time: 02:48:45

Health: -13/112    AC:  9    Str:  9    XL:     16   Next: 19%
Gold:   1299       EV: 19    Int: 34    God:    Makhleb [*****.] SH:  0 Dex: 19

rFire   + + .        a - +1 lajatang "Ygriso Teakh" {freeze, Dex+4 SInv}
rCold   . . .        (shield currently unavailable)
rNeg    . . .        O - +2 robe {rC+}
rPois   ∞            p - +0 mask of the Dragon {Will+ Slay+3 SInv}
rElec   .            X - +1 cloak {rCorr}
rCorr   +            V - +2 pair of gloves {hurl}
SInv    +            (boots unavailable)
Will    ++...        (no amulet)
Stlth   ++           j - +6 ring of intelligence
HPRegen 0.38/turn    i - +6 ring of intelligence
MPRegen 0.00/turn

%: infuse magic (-14 HP)
@: flying, studying 2 skills
A: sickness immunity, fire resistance 2, cold vulnerability 1, float, innate
caster, HP casting, extra vitality 1
a: Renounce Religion, Minor Destruction, Lesser Servant of Makhleb, Major
Destruction, Greater Servant of Makhleb


You were on level 1 of the Swamp.
You worshipped Makhleb.
Makhleb was extremely pleased with you.
You visited 6 branches of the dungeon, and saw 23 of its levels.
You also visited: Sewer and Volcano.

You collected 2052 gold pieces.
You spent 753 gold pieces at shops.

Inventory:

Hand Weapons
 a - the +1 lajatang "Ygriso Teakh" (weapon) {freeze, Dex+4 SInv}
   (You acquired it on level 5 of the Dungeon)

   Dex:       It affects your dexterity (+4).
   SInv:      It lets you see invisible.
 t - a +3 vampiric dagger
 u - the +1 war axe of Temperance {drain, rElec Int+2 Dex-5}
   (You found it on level 5 of the Dungeon)

   Int:       It affects your intelligence (+2).
   Dex:       It affects your dexterity (-5).
   rElec:     It insulates you from electricity.
 v - the +8 sling of the Ghost {flame, +Blink rElec Str-3}
   (You found it on level 4 of the Dungeon)

   Str:       It affects your strength (-3).
   rElec:     It insulates you from electricity.
   +Blink:    It lets you blink.
 N - a +6 broad axe of flaming
Missiles
 K - a throwing net
Armour
 p - the +0 mask of the Dragon (worn) {Will+ Slay+3 SInv}
   (You bought it in a shop on level 2 of the Orcish Mines)

   Slay:      It affects your accuracy & damage with ranged weapons and melee
   (+3).
   SInv:      It lets you see invisible.
   Will:      It increases your willpower.
 O - a +2 robe of cold resistance (worn)
 V - a +2 pair of gloves of hurling (worn)
 X - a +1 cloak of preservation (worn)
 Y - a +3 leather armour of fire resistance
Magical Staves
 b - a staff of earth
 m - a staff of poison
 T - a staff of conjuration
 U - a staff of cold
Jewellery
 i - a +6 ring of intelligence (right hand)
 j - a +6 ring of intelligence (left hand)
 w - a ring of positive energy
 A - a ring of ice
 H - a ring of fire
 L - a +6 ring of dexterity
Wands
 o - a wand of iceblast (37)
 z - a wand of digging (15)
 E - a wand of mindburst (3)
 I - a wand of polymorph (5)
 M - a wand of charming (8)
 P - a wand of acid (10)
 Q - a wand of flame (25)
Scrolls
 c - a scroll of blinking
 d - 21 scrolls of teleportation
 f - 2 scrolls of magic mapping
 y - 3 scrolls of poison
 B - 4 scrolls of fear
 G - 4 scrolls of fog
 J - 4 scrolls of immolation
 R - a scroll of summoning
 S - a scroll of brand weapon
 W - a scroll of vulnerability
Potions
 e - 3 potions of invisibility
 g - 5 potions of resistance
 h - 4 potions of curing
 k - 4 potions of haste
 l - 4 potions of lignification
 n - a potion of heal wounds
 q - a potion of berserk rage
 r - 4 potions of brilliance
 s - 8 potions of attraction
 x - 2 potions of might
 C - 3 potions of ambrosia
 D - 3 potions of mutation
 F - 2 potions of cancellation


   Skills:
 + Level 9.5 Fighting
 + Level 0.6 Short Blades
 + Level 12.0 Staves
 + Level 1.2 Ranged Weapons
 + Level 3.0 Armour
 * Level 11.0 Dodging
 - Level 2.0 Stealth
 + Level 14.7 Spellcasting
 * Level 8.9 Invocations


You knew the following spells:

 Your Spells              Type           Power      Damage    Failure   Level
a - Apportation           Tloc           100%       N/A       0%          1
b - Blink                 Tloc           100%       N/A       0%          2
c - Summon Cactus Giant   Summ           45%        N/A       1%          6
d - Magic Dart            Conj           100%       1d8       0%          1
f - Freezing Cloud        Conj/Ice/Air   45%        6-21      1%          5
h - Lesser Beckoning      Tloc           100%       N/A       0%          2
i - Call Imp              Summ           100%       N/A       0%          2
l - Summon Lightning Spi  Summ/Air       90%        N/A       1%          4
m - Mephitic Cloud        Conj/Pois/Air  90%        N/A       0%          3
s - Slow                  Hex            100%       N/A       0%          1
t - Tukima's Dance        Hex            90%        N/A       0%          3
v - Volatile Blastmotes   Fire/Tloc      100%       2d18      0%          3
Your spell library was empty.

Dungeon Overview and Level Annotations

Branches:
Dungeon (13/15)            Temple (1/1) D:6            Lair (5/5) D:11
  Swamp (1/4) Lair:2       Spider (0/4) Lair:2        Slime (0/5) Lair:4
    Orc (2/2) D:10            Elf (1/3) Orc:2         Sewer (visited)
Volcano (visited)
 Vaults: D:13-14

Altars:
Ashenzari
Cheibriados
Dithmenos
Elyvilon
Fedhas
Gozag
Hepliaklqana
Makhleb
Nemelex Xobeh
Okawaru
Qazlal
Ru
Trog
Uskayaw
Wu Jian
Xom
Yredelemnul
Zin
The Shining One
Jiyva
Lugonu

Shops:
D:5 !*[***   D:6 *   D:10 *   D:12 :   Orc:2 (([[

Portals:
Abyss: Lair:5

Annotations:
Swamp:1 3 runed translucent doors, safid's ghost, journeyman MfIE; spardeous's ghost, journeyman DgCj


Innate Abilities, Weirdness & Mutations

You are immune to sickness and miasma.
You are immune to poison.
Your flesh is very heat resistant. (rF++)
You are vulnerable to cold. (rC-)
You float through the air rather than walking.
You learn spells naturally, not from books.
Your magical power is your life essence.
You have superior vitality. (+4 MHP)


Message History

The spriggan druid calls out to the beasts of the wild!
Your orange demon stings the swamp worm from afar.
The spriggan rider hits you from afar with a +0 spear!
* * * LOW HITPOINT WARNING * * *
The swamp worm barely misses you.
A swamp dragon comes into view.
You feel much better.
The swamp dragon roars deafeningly!
The swamp worm barely misses you.
Your orange demon stings the swamp worm from afar!
The spriggan rider misses you.
Casting: Freezing Cloud (safe; 1% risk of failure)
Confirm with . or Enter, or press ? or * to list all spells.
You blink.
* * * LOW HITPOINT WARNING * * *
The swamp worm fires a harpoon shot at you.
The harpoon shot hits your orange demon.
Your orange demon barely misses the swamp worm.
The spriggan rider hits your lightning spire with a +0 spear!
Casting: Blink (safe; 0% risk of failure)
Confirm with . or Enter, or press ? or * to list all spells.
Aiming: Freezing Cloud (safe; 1% risk of failure)
Press: ? - help, Dir - move target That beam is likely to hit you.
Continue anyway?
Really fire in your lightning spire's direction?
* * * LOW HITPOINT WARNING * * *
You are engulfed in freezing vapours.
* * * LOW HITPOINT WARNING * * *
The spriggan druid is engulfed in freezing vapours.
The spriggan druid hits your lightning spire with a +2 spectral quarterstaff.
The +2 spectral quarterstaff hits your lightning spire.
The spriggan rider hits your lightning spire with a +0 spear!!
Your lightning spire shoots out a bolt of lightning at the spriggan rider!
The bolt of electricity hits the spriggan rider!
A +2 spectral quarterstaff comes into view.
Your lightning spire disappears in a puff of smoke!
The +2 spectral quarterstaff is engulfed in freezing vapours.
The spriggan druid shares its spectral weapon's damage!
The bunyip claws you!!
You die...

♣♣♣♣♣ ∙∙~♣ ~~~∙~~∙ ~~∙♣♣
~~~∙∙~~ ~~∙♣ ♣∙∙∙∙∙∙ ∙∙∙
♣♣♣ ♣♣∙~∙∙∙ ♣∙▒ ▒▒▒▒ ♣∙♣♣♣
♣∙∙∙∙∙∙ ♣♣~▒♣⌠♣(▒▒ ♣♣∙∙∙~
∙∙∙∙∙∙†♣♣∙R▒∙∙∙∙8▒ ♣♣∙~~~∙
∙~~∙∙i~♣∙x#▒∙∙∙∙∙∞▒♣♣∙~~~~~
~~#∙~~†###∙■∙∙∙∙∙♣▒~<∙~#~~~
∙∙∙∙~~∙##(?■W∙∙∙"⌠▒~~∙∙∙∙∙∙
~~~∙∙♣♣♣#i#■W∙∙∙∙♣▒†#∙~∙∙∙∙
~~~∙ ♣♣i∙▒∙∙∙∙∙?▒~~♣♣∙~~~
∙∙~ ♣♣∙∙▒∙∙∙∙8▒▒~♣♣♣∙~∙∙ ~~
♣~4w▒♣⌠♣\▒▒~∙♣♣♣~~∙∙ ∙
♣∙∙~▒▒▒▒▒▒~~∙~~∙∙∙∙∙


You could see a bunyip, a spriggan rider (unaware), a spriggan druid (unaware),
a swamp worm (ally target), a +2 spectral quarterstaff, safid's ghost,
spardeous's ghost and a friendly orange demon (summoned).

Vanquished Creatures
  Gastronok (D:8)
  An eleionoma (Swamp:1)
  Snorg (Lair:5)
  2 centaur warriors
  A boulder beetle (Lair:3)
  5 death yaks (Lair:5)
  An alligator (Swamp:1)
  A tengu warrior (D:13)
  A two-headed ogre (D:12)
  4 orc high priests (Orc:2)
  A thrashing horror (Lair:5)
  A hell knight (Volcano)
  A skyshark (Lair:3)
  Amaemon (Lair:2)
  A goliath frog (Swamp:1)
  A bog body (Lair:2)
  A swamp dragon (Swamp:1)
  Pikel (D:7)
  An ugly thing (Lair:5)
  An orc knight (D:13)
  A manticore (D:11)
  2 salamanders (Volcano)
  A cyclops (D:12)
  4 elephants
  3 molten gargoyles (Volcano)
  2 black mambas
  2 gargoyles
  3 unseen horrors
  4 komodo dragons
  A torpor snail (Lair:2)
  Maggie (D:10)
  4 rime drakes
  3 cane toads
  An ancient zyme (Lair:5)
  A polar bear (Lair:1)
  2 trolls
  14 blink frogs
  A tyrant leech (Swamp:1)
  Prince Ribbit (D:7)
  2 dream sheep (Lair:4)
  A shadow (D:11)
  A dancing weapon (D:7)
  2 wyverns
  2 basilisks
  22 yaks
  2 fire elementals (D:12)
  2 chaos spawn (Lair:5)
  2 vampire mosquitoes (D:13)
  A redback (Lair:2)
  Menkaure (D:7)
  5 wargs (Orc:2)
  10 water moccasins
  2 hell hounds (D:12)
  An acid dragon (D:11)
  9 small abominations (Lair:5)
  9 orc warriors
  A sky beast (D:8)
  An ice beast (D:7)
  3 black bears
  5 ogres
  4 wolves (Lair:5)
  3 centaurs
  A phantom (D:6)
  A kobold brigand (D:6)
  A gnoll sergeant (D:5)
  2 bullfrogs
  A scorpion (D:5)
  3 wights (D:6)
  4 killer bees (D:11)
  4 howler monkeys
  An electric eel (Lair:1)
  2 hounds
  15 orc priests
  5 jellies
  9 iguanas
  A sleepcap (D:5)
  18 orc wizards
  3 hell rats (Lair:2)
  A gnoll (D:5)
  10 adders
  A river rat (Sewer)
  2 white imps
  4 ufetubi
  2 dart slugs
  40 orcs
  4 bats
  15 endoplasms
  3 giant cockroaches
  11 goblins
  6 hobgoblins
  9 jackals
  15 kobolds
  7 quokkas
  5 ball pythons
  11 frilled lizards
  7 rats
  A butterfly (D:3)
395 creatures vanquished.

Vanquished Creatures (collateral kills)
  Azrael (D:12)
  A hydra (Swamp:1)
  Fannar (D:10)
  A ghost crab (Swamp:1)
  A catoblepas (Lair:5)
  2 boulder beetles
  2 two-headed ogres
  A death yak (Lair:5)
  5 orc high priests (Orc:2)
  Urug (D:12)
  3 thrashing horrors (Lair:5)
  A skyshark (Lair:5)
  2 goliath frogs (Swamp:1)
  2 skeletal warriors (D:13)
  2 bog bodies
  A deep elf pyromancer (Volcano)
  An orc knight (Orc:1)
  3 cyclopes
  4 ugly things
  A salamander (Volcano)
  5 elephants (Lair:5)
  A black mamba (Lair:5)
  A molten gargoyle (Volcano)
  3 smoke demons (Lair:5)
  3 gargoyles
  4 cane toads
  4 komodo dragons
  An orange demon (Lair:2)
  Psyche (D:8)
  4 rime drakes
  5 trolls
  Grinder (D:3)
  11 blink frogs
  3 dream sheep (Lair:4)
  3 slime creatures (Lair:4)
  A shadow (D:11)
  A spriggan (Lair:5)
  A wyvern (D:9)
  A wraith (D:9)
  22 yaks
  7 basilisks
  A chaos spawn (Lair:5)
  A vampire mosquito (D:13)
  2 swamp worms (Swamp:1)
  An acid dragon (D:10)
  3 water moccasins
  4 hell hounds (D:12)
  10 orc warriors
  A black bear (D:7)
  4 wolves
  2 small abominations (Lair:5)
  A kobold brigand (D:9)
  5 bullfrogs
  3 killer bees (D:11)
  5 howler monkeys
  A lava snake (D:8)
  20 orc priests
  A hound (D:6)
  12 orc wizards
  2 hell rats (Lair:2)
  3 gnolls (D:5)
  5 adders
  A river rat (Sewer)
  2 shadow imps
  2 white imps (D:8)
  A worm (D:4)
  46 orcs
  5 endoplasms
  A giant cockroach (D:1)
  A hobgoblin (D:1)
  5 jackals
  A quokka (D:4)
  3 ball pythons
  2 bats (D:1)
  2 frilled lizards (Sewer)
  4 kobolds
  6 rats
  2 butterflies (D:3)
290 creatures vanquished.

Vanquished Creatures (others)
  Erolcha (Orc:2)
  A gargoyle (Volcano)
  An ancient zyme (Lair:5)
  A swamp worm (Swamp:1)
4 creatures vanquished.

Grand Total: 689 creatures vanquished

Notes
Turn   | Place    | Note
-------+----------+-------------------------------------------
     0 | D:1      | Zeor the Djinni Hedge Wizard began the quest for the Orb.
     0 | D:1      | Zeor set off with the following spells memorised: Magic
                  | Dart, Slow, Blink, Call Imp, Mephitic Cloud.
     0 | D:1      | Reached XP level 1. HP: 15/15 MP: 0/0
   145 | D:1      | Reached XP level 2. HP: 18/21 MP: 0/0
   357 | D:1      | Reached skill level 3 in Spellcasting
   459 | D:1      | Reached XP level 3. HP: 25/25 MP: 0/0
   459 | D:1      | Learned a level 1 spell: Apportation
  1162 | D:2      | Reached XP level 4. HP: 29/31 MP: 0/0
  2337 | D:3      | Noticed Grinder
  2369 | D:3      | Killed Grinder
  2370 | D:3      | Reached skill level 5 in Spellcasting
  2370 | D:3      | Reached XP level 5. HP: 14/35 MP: 0/0
  2370 | D:3      | Learned a level 2 spell: Lesser Beckoning
  2370 | D:3      | Reached XP level 6. HP: 17/40 MP: 0/0
  3361 | D:4      | Reached XP level 7. HP: 21/45 MP: 0/0
  3361 | D:4      | Learned a level 3 spell: Volatile Blastmotes
  3394 | D:4      | Found a glowing drain.
  3443 | Sewer    | Entered a sewer
  4401 | D:4      | You are sucked into a shaft and drop 2 floors!
  4401 | D:6      | Found a bloodstained altar of Trog.
  4430 | D:6      | Reached skill level 6 in Spellcasting
  4784 | D:6      | Found Riawk's Assorted Antiques.
  4811 | D:6      | Bought a scroll labelled HEFOURCH HYREIL for 33 gold pieces
  4811 | D:6      | Bought a scroll of identify for 66 gold pieces
  4811 | D:6      | Bought a fuming blue potion for 29 gold pieces
  5025 | D:6      | Reached skill level 1 in Staves
  5025 | D:6      | Reached XP level 8. HP: 28/51 MP: 0/0
  5031 | D:6      | Reached skill level 1 in Fighting
  5214 | D:5      | Entered Level 5 of the Dungeon
  5221 | D:4      | Found a broken altar of Ashenzari.
  5700 | D:4      | Identified the +8 sling of the Ghost {flame, +Blink rElec
                  | Str-3}
  5864 | D:5      | Reached skill level 7 in Spellcasting
  5958 | D:5      | Found Ublyagg's General Store.
  5962 | D:5      | Identified a scroll of acquirement
  5962 | D:5      | Acquired the +1 lajatang "Ygriso Teakh" {freeze, Dex+4
                  | SInv}
  5972 | D:5      | Bought a scroll of teleportation for 33 gold pieces
  6139 | D:5      | Reached skill level 1 in Ranged Weapons
  6257 | D:5      | Reached XP level 9. HP: 40/57 MP: 0/0
  6257 | D:5      | Learned a level 3 spell: Tukima's Dance
  6767 | D:5      | Found Cuofir Diodu's Assorted Antiques.
  6776 | D:5      | Bought a scroll labelled BAURHU IMETYT for 20 gold pieces
  6840 | D:5      | Found Moan's General Store.
  6847 | D:5      | Bought a potion of might for 52 gold pieces
  6848 | D:5      | Identified the +1 war axe of Temperance {drain, rElec Int+2
                  | Dex-5}
  6861 | D:5      | Reached skill level 8 in Spellcasting
  6984 | D:5      | Found Vuned's Distillery.
  6992 | D:5      | Bought a potion of berserk rage for 60 gold pieces
  6992 | D:5      | Bought a potion of heal wounds for 60 gold pieces
  7020 | D:5      | Found Paupes's Armour Emporium.
  7127 | D:5      | Found Haruh's Elemental Accessories.
  7252 | D:6      | Found a staircase to the Ecumenical Temple.
  7258 | Temple   | Entered the Ecumenical Temple
  7258 | Temple   | Found a transporter.
  7258 | Temple   | Found a transporter.
  7260 | Temple   | Found a transporter.
  7260 | Temple   | Found a transporter.
  8004 | D:7      | Noticed an unseen horror
  8019 | D:7      | Killed an unseen horror
  8039 | D:7      | Reached XP level 10. HP: 25/65 MP: 0/0
  8051 | D:7      | Noticed Menkaure
  8059 | D:7      | Killed Menkaure
  8239 | D:7      | Reached skill level 9 in Spellcasting
  8317 | D:7      | Noticed Prince Ribbit
  8328 | D:7      | Killed Prince Ribbit
  8329 | D:7      | Reached skill level 5 in Staves
  8563 | D:7      | Noticed Pikel
  8577 | D:7      | Killed Pikel
  8858 | D:8      | Noticed Psyche
  8914 | D:8      | Killed Psyche
  9180 | D:8      | Noticed Gastronok
  9203 | D:8      | Killed Gastronok
  9204 | D:8      | Reached skill level 10 in Spellcasting
  9204 | D:8      | Reached XP level 11. HP: 61/71 MP: 0/0
  9204 | D:8      | Learned a level 4 spell: Summon Lightning Spire
  9765 | D:8      | Found a hide-covered altar of Uskayaw.
  9919 | D:9      | Found an iron altar of Okawaru.
  9946 | D:9      | Noticed a two-headed ogre
  9947 | D:9      | Noticed a centaur warrior
  9956 | D:9      | Killed a two-headed ogre
  9958 | D:9      | Killed a centaur warrior
 10201 | D:9      | Found an ornate altar of the Wu Jian Council.
 10533 | D:9      | Reached skill level 5 in Dodging
 11003 | D:9      | what the hell.
 11057 | D:10     | Entered Level 10 of the Dungeon
 11057 | D:10     | Noticed Maggie
 11057 | D:10     | Found an opulent altar of Gozag.
 11066 | D:10     | Killed Maggie
 11110 | D:10     | Found a glowing golden altar of the Shining One.
 11336 | D:10     | Found Gozag's Platinum Reserve.
 11453 | D:10     | Reached skill level 5 in Fighting
 11918 | D:10     | Noticed Fannar
 11937 | D:10     | Killed Fannar
 11938 | D:10     | Reached XP level 12. HP: 22/81 MP: 0/0
 12245 | D:10     | Found a basalt altar of Yredelemnul.
 12245 | D:10     | Found a stormy altar of Qazlal.
 12253 | D:10     | Found a burning altar of Makhleb.
 12254 | D:10     | Found a shimmering altar of Xom.
 12267 | D:10     | Became a worshipper of Makhleb the Destroyer
 12317 | D:10     | Found a staircase to the Orcish Mines.
 12590 | D:11     | Noticed a two-headed ogre
 12594 | D:11     | Killed a two-headed ogre
 12595 | D:11     | Reached skill level 1 in Invocations
 12597 | D:11     | Reached skill level 11 in Spellcasting
 13100 | D:11     | Reached * piety under Makhleb
 13152 | D:11     | Found a staircase to the Lair.
 13957 | Lair:1   | Entered Level 1 of the Lair of Beasts
 14522 | Lair:1   | Acquired a manual of Fighting
 15240 | Lair:2   | Reached XP level 13. HP: 88/88 MP: 0/0
 15240 | Lair:2   | Learned a level 5 spell: Freezing Cloud
 15259 | Lair:2   | Reached skill level 10 in Staves
 15403 | Lair:2   | Reached ** piety under Makhleb
 15482 | Lair:2   | Noticed Amaemon
 15489 | Lair:2   | Killed Amaemon
 15717 | Lair:2   | Found a staircase to the Swamp.
 15726 | Lair:2   | Reached skill level 12 in Spellcasting
 16016 | Lair:2   | Reached skill level 5 in Invocations
 16165 | Lair:2   | Found a hole to the Spider Nest.
 16579 | Lair:3   | Found a dark tunnel.
 16586 | Volcano  | Entered a volcano
 17017 | Volcano  | Noticed an orb of fire
 17056 | Volcano  | Noticed an orb of fire
 17807 | Lair:3   | Reached XP level 14. HP: 87/96 MP: 0/0
 18401 | Lair:4   | Reached *** piety under Makhleb
 18775 | Lair:4   | Found a viscous altar of Jiyva.
 18776 | Lair:4   | Found a staircase to the Slime Pits.
 18996 | Lair:4   | Reached skill level 1 in Armour
 19561 | Lair:5   | Entered Level 5 of the Lair of Beasts
 19588 | Lair:4   | Reached skill level 13 in Spellcasting
 20489 | Lair:5   | Reached **** piety under Makhleb
 20629 | Lair:5   | Noticed Snorg
 20638 | Lair:5   | Killed Snorg
 20926 | Lair:5   | Reached XP level 15. HP: 104/104 MP: 0/0
 20926 | Lair:5   | Learned a level 6 spell: Summon Cactus Giant
 21405 | Lair:5   | Found a corrupted altar of Lugonu.
 21405 | Lair:5   | Found a one-way gate to the infinite horrors of the Abyss.
 21411 | Lair:5   | Identified the staff of death "Mutum" {Fragile rPois rN+
                  | Will+ Dex+2}
 21821 | Lair:5   | Reached skill level 10 in Dodging
 21929 | Lair:5   | Reached ***** piety under Makhleb
 22456 | Orc:1    | Entered Level 1 of the Orcish Mines
 22902 | Orc:2    | Entered Level 2 of the Orcish Mines
 23017 | Orc:2    | Found a staircase to the Elven Halls.
 23423 | Orc:2    | Reached skill level 14 in Spellcasting
 23623 | Orc:2    | Found Mefilonu's Weapon Shoppe.
 23623 | Orc:2    | Found Ridaplo's Weapon Shop.
 23830 | Orc:2    | Found Bost's Armour Shoppe.
 23830 | Orc:2    | Found Qich's Armour Shop.
 23903 | Orc:2    | Bought the +0 mask of the Dragon {Will+ Slay+3 SInv} for
                  | 400 gold pieces
 23903 | Orc:2    | Found the +0 mask of the Dragon {Will+ Slay+3 SInv}
 24236 | Orc:2    | Noticed Erolcha
 24257 | Orc:2    | Killed Erolcha
 24797 | D:12     | Noticed Azrael
 24803 | D:12     | Killed Azrael
 25125 | D:12     | Noticed Urug
 25135 | D:12     | Killed Urug
 25582 | D:12     | Found Pupreefo's Book Emporium.
 26921 | D:13     | Reached XP level 16. HP: 69/112 MP: 0/0
 27316 | Elf:1    | Entered Level 1 of the Elven Halls
 27755 | Swamp:1  | Entered Level 1 of the Swamp
 27773 | Swamp:1  | i'm boned
 28107 | Swamp:1  | Found a runed translucent gate.
 28108 | Swamp:1  | Found a runed translucent gate.
 28109 | Swamp:1  | Found a runed translucent gate.
 28109 | Swamp:1  | Noticed spardeous's ghost (journeyman DgCj)
 28109 | Swamp:1  | Noticed safid's ghost (journeyman MfIE)
 28110 | Swamp:1  | Found the dreamshard necklace {*Dream Drain}
 28120 | Swamp:1  | Reached ****** piety under Makhleb
 28124 | Swamp:1  | HP: 3/112 [bunyip[a spriggan druid] (14)]
 28129 | Swamp:1  | HP: 5/112 [swamp worm[a spriggan druid] (5)]
 28135 | Swamp:1  | Mangled by a bunyip

Illustrated notes ∙∙▒ ▒▒▒∙▒▒▒▒ ▒∙▒∙▒▒▒▒ ∙∙▒ ▒>▒ ▒▒∙▒∙∙∙∙▒ ∙∙▒ ▒∙▒ ▒∙∙▒▒▒▒∙▒ ∙∙▒ ▒▒▒∙▒▒▒▒▒∙∙▒▒▒▒∙▒ ∙∙▒ ▒▒∙∙∙∙▒∙(▒''▒∙∙▒∙▒ ▒▒▒ ▒∙∙∙∙∙▒∙▒∙∙)∙▒∙▒∙▒ ▒∙∙∙∙∙▒▒∙∙(∙∙∙▒▒∙▒ ▒∙∙∙∙∙∙'∙∙∙∙∙∙'∙∙▒ ▒▒∙∙∙∙∙'∙∙R∙)∙'∙∙▒ ▒▒▒▒▒▒▒▒∙▒▒▒▒▒∙∙∙∙∙∙▒▒▒▒ ∙∙∙∙∙∙∙∙∙▒ ▒∙▒∙∙)[▒∙▒ ∙▒▒▒▒▒▒▒▒▒ ▒∙(▒''▒∙∙▒ ∙▒ ▒▒▒▒∙∙▒▒▒▒ ∙▒ ▒▒▒▒ ▒▒ Turn 11003 on D:9: what the hell.

▒♣♣∙~#~~##~~∙~
▒~<∙~~~#~n#n∙∙
▒~~∙∙∙∙###~∙∙∙
▒~~∙8∙∙DC∙∙~~~
▒~~♣♣∙~~~∙∙∙~~
▒▒~♣♣♣∙~∙∙∙~~#~
▒▒~8♣♣♣~~∙∙∙∙~~∙
▒▒▒▒▒~wR~~∙∙∙∙∙∙∙∙~~
~~~∙~~~R♣♣∙∙∙∙∙∙∙∙~~
~~∙∙∙~∙∙♣~∙∙∙∙∙∙∙∙~~
∙∙~~~∙∙~♣~~∙∙∙∙∙∙∙
∙∙∙#∙∙~∙∙~~∙$∙∙♣
~∙~~∙∙∙~∙∙∙∙∙∙♣♣♣
∙∙~~∙♣>∙∙~~∙∙∙∙∙♣
~~~∙♣∙∙~∙∙∙∙∙∙$∙∙
♣∙∙ ♣♣∙~~~∙∙∙∙∙∙∙
♣♣∙∙∙∙∙∞∙∙∙∙


Turn 27773 on Swamp:1: i'm boned

Levels and vault maps discovered:
D:1:      lemuel_arrival_hallway, layout_rooms, minmay_cupped
D:2:      layout_loops_corners
D:3:      layout_loops_corners, serial_forest, infiniplex_forest_straight_2,
          infiniplex_forest_clump_tiny, infiniplex_forest_straight_3,
          infiniplex_forest_straight_1, infiniplex_forest_straight_2,
          infiniplex_forest_straight_1, infiniplex_forest_end_double,
          serial_bayou_lagoon_a, hangedman_glass_garden, uniq_grinder
D:4:      cheibrodos_fertilizer, layout_basic, nicolae_ashenzari_skybound,
          gup_sewer_entry_bowl
D:5:      minmay_octagon_keep, layout_basic, serial_shops, shop,
          kennysheep_mini_moat, nicolae_shop_peninsula, shop, shop,
          nicolae_elemental_shop, chequers_serial_rivers_micro_c
D:6:      layout_basic, general_overflow_altar, kennysheep_orc_sif_temple,
          minmay_temple_entry_fiery, serial_shops,
          nicolae_shop_tiny_statue_garden, minmay_bent
D:7:      layout_rooms, uniq_menkaure, uniq_pikel, uniq_prince_ribbit1
D:8:      layout_rooms, nicolae_uskayaw_suspiria, uniq_psyche, uniq_gastronok
D:9:      layout_loops_cross, okawaru_trees_2, lemuel_tele_altar,
          lightli_fourway_metalbox
D:10:     layout_roguey, tso_metal_star, nicolae_gozag_zags_fifth_avenue,
          chequers_temple_overflow_minitemple, orc_0_dummy,
          corexii_hall_statues_u, uniq_maggie, uniq_fannar
D:11:     layout_stronghold, erik_lair_dragon, eino_jars
D:12:     minmay_connected_triangles_in_corner, layout_stronghold, serial_shops,
          shop, uniq_urug, uniq_azrael
D:13:     layout_roguey, uniq_nessos
Temple:   hellmonk_temple_divided_pantheon
Lair:1:   layout_cave_pods, minmay_holes, amcnicky_mini_pool_medium
Lair:2:   layout_chaotic_city, skrybe_swamp_entry_bodies,
          spider_nest_entry_rubble, st_stairs_3, grunt_megastairs_1,
          uniq_amaemon
Lair:3:   layout_hall_layers, enter_volcano_1
Lair:4:   layout_roguey, minmay_slime_entry_pillars
Lair:5:   hellmonk_lair_end_abyssal_woods, layout_gridlike,
          minmay_lair_drake_nest, uniq_snorg
Swamp:1:  layout_basic_swamp, gammafunk_ghost_cemetery,
          nicolae_swamp_trees_clearing, uniq_louise
Orc:1:    layout_diamond_mine
Orc:2:    st_orc_town, layout_caves, uniq_rupert, uniq_erolcha
Elf:1:    minmay_elf_arrival_plus, layout_geoelf_octagon, basic_altar,
          serial_shops, shop, nicolae_shop_advertising_works
          [nicolae_subvault_shop_adworks], nicolae_shop_mannequins, shop,
          nicolae_shop_stone, kennysheep_underground_church

Skill      XL: |  1  2  3  4  5  6  7  8  9 10 11 12 13 14 15 16 |
---------------+-------------------------------------------------+-----
Spellcasting   | 3 5 6 7 8 10 11 12 13 14 | 14.7
Stealth        | 2 |  2.0
Staves         | 1 2 4 7 8 9 10 11 12 | 12.0
Fighting       | 1 2 3 5 6 7 8 9 |  9.5
Dodging        | 3 4 5 7 8 9 10 11 | 11.0
Ranged Weapons | 1 |  1.2
Invocations    | 3 5 7 8 |  8.9
Armour         | 2 3 |  3.0
Short Blades   | |  0.6

Action                     |  1- 3 |  4- 6 |  7- 9 | 10-12 | 13-15 | 16-18 || total
---------------------------+-------+-------+-------+-------+-------+-------++-------
  Melee: Dagger            |     9 |    47 |       |       |       |       ||    56
         Staff             |       |    12 |    66 |       |       |       ||    78
         Punch             |       |     1 |       |       |       |       ||     1
         Lajatang          |       |       |    74 |   200 |   289 |    14 ||   577
   Fire: Sling             |       |       |     9 |       |       |       ||     9
   Cast: Magic Dart        |    76 |    70 |    95 |    16 |    16 |       ||   273
         Call Imp          |    10 |     6 |    33 |    32 |    37 |     4 ||   122
         Blink             |     1 |     1 |     4 |     4 |     9 |     4 ||    23
         Mephitic Cloud    |       |     6 |    34 |    44 |    45 |     2 ||   131
         Slow              |       |     2 |     1 |     4 |     3 |       ||    10
         Volatile Blastmot |       |       |    29 |    21 |     3 |       ||    53
         Tukima's Dance    |       |       |     7 |    14 |    16 |     3 ||    40
         Apportation       |       |       |       |     1 |       |       ||     1
         Summon Lightning  |       |       |       |    39 |    91 |     7 ||   137
         Freezing Cloud    |       |       |       |       |    87 |     7 ||    94
         Summon Cactus Gia |       |       |       |       |    39 |     5 ||    44
 Invoke: Minor Destruction |       |       |       |       |    13 |     2 ||    15
         Lesser Servant of |       |       |       |       |     1 |     1 ||     2
    Use: Scroll            |       |     9 |    15 |     6 |     6 |       ||    36
         Potion            |       |     1 |     2 |     5 |     5 |     5 ||    18
   Stab: Confused          |       |     1 |     8 |    18 |     8 |     1 ||    36
         Distracted        |       |       |     1 |     3 |     3 |       ||     7
         Sleeping          |       |       |     1 |     2 |       |       ||     3
 Armour: Robe              |     9 |    14 |    56 |    15 |    18 |     3 ||   115
         Steam dragon scal |       |       |       |    18 |    11 |       ||    29
         Leather armour    |       |       |       |       |    49 |       ||    49
  Dodge: Dodged            |    24 |    24 |    98 |   116 |   226 |    22 ||   510
